 Dungeon Crawl Stone Soup version 0.31-a0-221-gbddc013574 (webtiles) character file.

Game seed: 17207844345187965438

1961 qw the Skirmisher (level 9, -3/79 HPs)
             Began as a Minotaur Hexslinger on July 4, 2023.
             Slain by Pikel
             ... wielding a +2 whip of freezing
              (5 damage)
             ... on level 6 of the Dungeon.
             The game lasted 00:02:10 (5686 turns).

qw the Skirmisher (Minotaur Hexslinger)             Turns: 5686, Time: 00:02:11

Health: -3/79      AC:  8    Str: 14    XL:     9   Next: 0%
Magic:  9/9        EV: 11    Int: 10    God:
Gold:   217        SH:  0    Dex: 16    Spells: 9/10 levels left

rFire   . . .        f - +0 arbalest
rCold   . . .        (shield currently unavailable)
rNeg    + . .        b - +3 ring mail
rPois   .            (helmet restricted)
rElec   .            (no cloak)
rCorr   .            (no gloves)
SInv    .            (no boots)
Will    .....        e - amulet of faith
Stlth   +            a - ring of positive energy
HPRegen 0.33/turn    (no ring)
MPRegen 0.11/turn

%: faith
@: about to teleport
A: horns 2, retaliatory headbutt
a: no special abilities


You were on level 6 of the Dungeon.
You visited 1 branch of the dungeon, and saw 6 of its levels.

You collected 217 gold pieces.


Innate Abilities, Weirdness & Mutations

You have a pair of horns on your head.
You reflexively headbutt those who attack you in melee.


   Skills:
 - Level 7.0 Fighting
 + Level 10.8 Ranged Weapons
 - Level 2.7 Armour
 - Level 3.0 Dodging
 - Level 1.0 Spellcasting
 - Level 2.0 Hexes


You had 9 spell levels left.
You knew the following spells:

 Your Spells              Type           Power      Damage    Failure   Level
a - Slow                  Hex            16%        N/A       30%         1

Your spell library contained the following spells:

 Spells                   Type           Power      Damage    Failure   Level
 Inner Flame              Hex/Fire       2%         N/A       80%         3
 Portal Projectile        Hex/Tloc       4%         N/A       80%         3
 Cause Fear               Hex            2%         N/A       96%         4

Inventory:

Hand Weapons
 f - a +0 arbalest (weapon)
Armour
 b - a +3 ring mail (worn)
Jewellery
 a - a ring of positive energy (left hand)
 c - the ring "Pagraplu" {Ice Int+4}
   (You found it on level 6 of the Dungeon)

   [ring of ice]

   It enhances your ice magic.
   Int:       It affects your intelligence (+4).
   rF:        It makes you vulnerable to fire.
   rC:        It protects you from cold.
 e - an amulet of faith (around neck)
Scrolls
 d - a scroll of teleportation
 m - 4 scrolls of identify
Potions
 g - a potion of magic {unknown}
 i - a potion of haste
 j - a potion of heal wounds
 k - a potion of berserk rage {unknown}
 l - a potion of might {unknown}
 o - a potion of mutation {unknown}

Dungeon Overview and Level Annotations

Branches:
Dungeon (6/15)
 Temple: D:4-7

Altars:
Xom

Annotations:
D:5 3 runed translucent doors, qw's ghost, amateur DEHu; qw's ghost, amateur GrFi; qw's ghost, novice GrFi; qw's ghost, novice MiHs
D:6 Pikel


Message History

You feel sick.
You hear a shout!
The orc priest closely misses you. You furiously retaliate!
You headbutt the orc priest!
You kill the orc priest!
Pikel says, "You'll make a fine lemure."
You hear a shout!
You hear a bark!
You have reached level 9!
Your experience leads to an increase in your attributes!
Increase (S)trength, (I)ntelligence, or (D)exterity?
You feel agile. x2
You shoot a bolt. The bolt hits Pikel!
Pikel is moderately wounded.
You feel sick.
You are no longer poisoned.
Pikel hits you with a +2 whip of freezing!
Pikel freezes you.
You shoot a bolt. The bolt barely misses Pikel.
The bolt hits the orc but does no damage.
Pikel closely misses you.
A lemure comes into view.
Pikel hits you with a +2 whip of freezing.
Pikel freezes you.
You shoot a bolt. The bolt barely misses Pikel.
The bolt hits the orc!
You kill the orc!
Pikel hits you with a +2 whip of freezing.
Pikel freezes you.
Pikel hits you with a +2 whip of freezing!
Pikel freezes you.
You shoot a bolt. The bolt closely misses Pikel.
The bolt hits the lemure.
The lemure is moderately wounded.
A lemure comes into view. x2
Pikel hits you with a +2 whip of freezing!
Pikel freezes you.
5686 ||| READING 2 scrolls of teleportation.
As you read the scroll of teleportation, it crumbles to dust.
You feel strangely unstable.
Pikel hits you with a +2 whip of freezing!
Pikel freezes you.
You die...

............##.... ...
.........'.... .(.
........###... ####..
........# #.#+ #....#
######..#####. ##.#...!#
##+#.#... ..oo..55#
###...##.. #+#K#
#......+.. #.#@#
#......##.
#.#.#######.......#.
#.........%.......##
#.......###)......#.
#.......###......##.
######.#.......#......'..
.........#####.###...##..
........######.###'#.#...
...............#..<#####.


You could see Pikel and 2 lemures.

Vanquished Creatures
  Grinder (D:6)
  Sigmund (D:5)
  3 black bears
  An ogre (D:5)
  A phantom (D:4)
  4 scorpions
  A gnoll sergeant (D:5)
  A howler monkey (D:5)
  6 hounds
  2 jellies
  4 orc priests (D:6)
  2 sleepcaps
  Natasha (thrice) (D:3)
  4 iguanas
  3 orc wizards (D:6)
  3 gnolls
  6 adders
  A worm (D:2)
  A dart slug (D:1)
  16 orcs
  4 ball pythons
  6 endoplasms
  5 giant cockroaches
  5 goblins
  6 hobgoblins
  4 jackals (D:4)
  A quokka (D:1)
  5 bats
  4 frilled lizards
  10 kobolds
  4 rats
118 creatures vanquished.

Notes
Turn   | Place    | Note
-------+----------+-------------------------------------------
     0 | D:1      | qw the Minotaur Hexslinger began the quest for the Orb.
     0 | D:1      | Reached XP level 1. HP: 16/16 MP: 1/1
     0 | D:1      | 0 ||| qw: Version: 0.3-a-41-g9d075ac
     0 | D:1      | 0 ||| qw: Game counter: 710
     0 | D:1      | 0 ||| qw: Melee chars always use a shield: true
     0 | D:1      | 0 ||| qw: God list: Okawaru
     0 | D:1      | 0 ||| qw: Allow faded altars: false
     0 | D:1      | 0 ||| qw: Do Orc after clearing Dungeon:15 true
     0 | D:1      | 0 ||| qw: Do second Lair branch before Depths: true
     0 | D:1      | 0 ||| qw: Lair rune preference: random
     0 | D:1      | 0 ||| qw: Goals: Normal
     0 | D:1      | 0 ||| PLANNING D:1-11
    57 | D:1      | 57 ||| FLEEEEING.
   157 | D:1      | Reached skill level 3 in Ranged Weapons
   157 | D:1      | Reached XP level 2. HP: 22/23 MP: 2/2
   698 | D:1      | 698 ||| DROPPING scarf of shadows.
   699 | D:1      | 699 ||| UPGRADING to +0 ring mail.
   709 | D:1      | 709 ||| DROPPING +0 robe.
   710 | D:1      | 710 ||| READING scroll labelled JOVVE ARRA.
   713 | D:1      | 713 ||| READING scroll labelled MIFUORGH LIUN.
   714 | D:1      | 714 ||| DROPPING scroll of poison.
   732 | D:2      | Reached XP level 3. HP: 29/29 MP: 3/3
  1212 | D:2      | Reached skill level 4 in Ranged Weapons
  1597 | D:2      | Found a shimmering altar of Xom.
  1752 | D:2      | 1752 ||| UPGRADING to +3 ring mail.
  1762 | D:2      | 1762 ||| DROPPING +0 ring mail.
  1763 | D:2      | 1763 ||| DROPPING amulet of magic regeneration.
  1764 | D:2      | 1764 ||| UPGRADING to amulet of faith.
  1769 | D:2      | 1769 ||| READING scroll labelled MOISHU ONIUSU.
  1852 | D:3      | Reached skill level 1 in Armour
  1916 | D:3      | Noticed Natasha
  1918 | D:3      | 1918 ||| FLEEEEING.
  1919 | D:3      | 1919 ||| FLEEEEING.
  1922 | D:3      | 1922 ||| FLEEEEING.
  1923 | D:3      | 1923 ||| FLEEEEING.
  1924 | D:3      | 1924 ||| FLEEEEING.
  1925 | D:3      | 1925 ||| FLEEEEING.
  1927 | D:3      | 1927 ||| STAIRDANCE
  1939 | D:2      | 1939 ||| READING scroll labelled TOM IMYNATHA.
  2056 | D:3      | Killed Natasha
  2057 | D:3      | Reached XP level 4. HP: 36/36 MP: 4/4
  2124 | D:3      | Noticed Natasha
  2128 | D:3      | Killed Natasha
  2129 | D:3      | Reached skill level 5 in Ranged Weapons
  2292 | D:3      | Reached XP level 5. HP: 37/44 MP: 5/5
  2320 | D:3      | Noticed Natasha
  2330 | D:3      | Killed Natasha
  2331 | D:3      | Reached skill level 3 in Fighting
  2608 | D:3      | 2608 ||| READING scroll labelled HIQENE BUROWAY.
  2684 | D:3      | 2684 ||| DRINKING 3 silvery potions.
  2685 | D:3      | 2685 ||| DROPPING 2 potions of attraction.
  2866 | D:4      | Reached skill level 6 in Ranged Weapons
  2948 | D:4      | Noticed a black bear
  2960 | D:4      | Killed a black bear
  2961 | D:4      | Reached XP level 6. HP: 44/53 MP: 6/6
  3128 | D:4      | Reached skill level 7 in Ranged Weapons
  3128 | D:4      | Reached XP level 7. HP: 30/60 MP: 7/7
  3445 | D:4      | 3445 ||| UPGRADING to ring of positive energy.
  3446 | D:4      | 3446 ||| READING scroll labelled XAYDUC BUGIASS.
  3447 | D:4      | 3447 ||| READING scroll labelled OFIH SYCWINLA.
  3448 | D:4      | 3448 ||| READING scroll labelled ZAQURO EKISAL.
  3449 | D:4      | 3449 ||| DRINKING 2 sedimented ruby potions.
  3467 | D:5      | Entered Level 5 of the Dungeon
  3549 | D:5      | Noticed Sigmund
  3557 | D:5      | 3557 ||| DRINKING potion of curing.
  3557 | D:5      | 3557 ||| (to cure confusion)
  3562 | D:5      | Killed Sigmund
  3563 | D:5      | Reached skill level 8 in Ranged Weapons
  3664 | D:5      | Reached skill level 9 in Ranged Weapons
  3668 | D:5      | Reached XP level 8. HP: 68/68 MP: 8/8
  3681 | D:5      | 3681 ||| Stepping ~*~*~tactically~*~*~ (outnumbered).
  3682 | D:5      | 3682 ||| FLEEEEING.
  3683 | D:5      | 3683 ||| FLEEEEING.
  3684 | D:5      | 3684 ||| FLEEEEING.
  3685 | D:5      | 3685 ||| FLEEEEING.
  3686 | D:5      | 3686 ||| FLEEEEING.
  3687 | D:5      | 3687 ||| FLEEEEING.
  3688 | D:5      | 3688 ||| FLEEEEING.
  3689 | D:5      | 3689 ||| FLEEEEING.
  3690 | D:5      | 3690 ||| FLEEEEING.
  3691 | D:5      | 3691 ||| FLEEEEING.
  3692 | D:5      | 3692 ||| FLEEEEING.
  3693 | D:5      | 3693 ||| FLEEEEING.
  3694 | D:5      | 3694 ||| FLEEEEING.
  3695 | D:5      | 3695 ||| FLEEEEING.
  3696 | D:5      | 3696 ||| FLEEEEING.
  3697 | D:5      | 3697 ||| FLEEEEING.
  3698 | D:5      | 3698 ||| FLEEEEING.
  3699 | D:5      | 3699 ||| FLEEEEING.
  3700 | D:5      | 3700 ||| STAIRDANCE
  3737 | D:4      | 3737 ||| READING scroll labelled VUHICR WUVET.
  3738 | D:4      | 3738 ||| READING scroll labelled ANIAFER RAILUN.
  3746 | D:5      | 3746 ||| STAIRDANCE
  3827 | D:5      | Found a runed translucent gate.
  3829 | D:5      | Found a runed translucent gate.
  3830 | D:5      | Noticed qw's ghost (novice MiHs)
  3831 | D:5      | Found a runed translucent gate.
  3831 | D:5      | Noticed qw's ghost (novice GrFi)
  3831 | D:5      | Noticed qw's ghost (amateur GrFi)
  3832 | D:5      | Noticed qw's ghost (amateur DEHu)
  4319 | D:5      | Reached skill level 6 in Fighting
  4420 | D:5      | Reached skill level 3 in Dodging
  4569 | D:5      | Identified the +1 ring mail of Juatau {Harm *Slow +Inv
                  | Dex+2}
  4889 | D:5      | 4889 ||| DROPPING +1 ring mail of Juatau {Harm *Slow +Inv
                  | Dex+2}.
  4890 | D:5      | 4890 ||| READING scroll labelled OKKEAVV ZERIAC.
  4891 | D:5      | 4891 ||| DRINKING 2 ruby potions.
  4892 | D:5      | 4892 ||| DRINKING 2 yellow potions.
  4893 | D:5      | 4893 ||| READING 2 scrolls of identify.
  4893 | D:5      | 4893 ||| IDENTIFYING bubbling coppery potion
  4894 | D:5      | 4894 ||| DROPPING potion of lignification.
  4962 | D:6      | Identified the ring "Pagraplu" {Ice Int+4}
  5154 | D:6      | 5154 ||| SWAPPING to +0 arbalest.
  5217 | D:6      | 5217 ||| DROPPING +2 sling of chaos.
  5301 | D:6      | Noticed Grinder
  5301 | D:6      | Paralysed by Grinder for 5 turns
  5308 | D:6      | Paralysed by Grinder for 3 turns
  5315 | D:6      | Killed Grinder
  5316 | D:6      | Reached skill level 10 in Ranged Weapons
  5670 | D:6      | 5670 ||| Stepping ~*~*~tactically~*~*~ (outnumbered).
  5672 | D:6      | 5672 ||| Stepping ~*~*~tactically~*~*~ (outnumbered).
  5674 | D:6      | 5674 ||| Stepping ~*~*~tactically~*~*~ (outnumbered).
  5680 | D:6      | Noticed Pikel
  5682 | D:6      | Reached XP level 9. HP: 56/79 MP: 9/9
  5685 | D:6      | HP: 14/79 [Pikel/+2 whip of freezing (7)]
  5686 | D:6      | 5686 ||| READING 2 scrolls of teleportation.
  5686 | D:6      | HP: 2/79 [Pikel/+2 whip of freezing (10)]
  5686 | D:6      | Slain by Pikel

Levels and vault maps discovered:
D:1:      minmay_arrival_split_and_join, layout_basic,
          minmay_misc_feat_more_columns, supply_closet_lemuel
D:2:      layout_loops_corners, basic_altar, patterned_corridor
D:3:      layout_rooms, serial_curves, eino_curves_03, eino_curves_04,
          eino_curves_01, uniq_natasha
D:4:      layout_basic, hangedman_decor_opposing, kennysheep_generic_room_14
D:5:      layout_basic, gammafunk_ghost_cemetery, chequers_big_river,
          minmay_misc_feat_enclosed, nicolae_figureground_pulse, uniq_sigmund
D:6:      nicolae_cairo_tiling_very_big, layout_basic,
          cheibrodos_ashenzari_chains, uniq_grinder, uniq_pikel

Skill      XL: |  1  2  3  4  5  6  7  8 |
---------------+-------------------------+-----
Ranged Weapons | 3 4 5 6 7 9 10 | 10.8
Fighting       | 2 4 5 7 |  7.0
Armour         | 1 2 |  2.7
Dodging        | 3 |  3.0
Spellcasting   | |  1.0
Hexes          | |  2.0

Action                     |  1- 3 |  4- 6 |  7- 9 || total
---------------------------+-------+-------+-------++-------
   Fire: Sling             |   162 |   126 |   169 ||   457
         Arbalest          |       |       |    60 ||    60
    Use: Scroll            |     4 |     1 |     8 ||    13
         Potion            |       |     1 |     4 ||     5
 Armour: Robe              |     8 |       |       ||     8
         Ring mail         |    22 |    37 |    54 ||   113
  Dodge: Dodged            |    66 |    63 |    63 ||   192

Table legend:
 A = Non-vault XP
 B = Vault XP
 C = Vault XP percentage of total XP
 D = Non-vault monster count
 E = Vault monster count
 F = Vault count percentage of total count
                 A         B        C        D         E       F
            +---------+---------+-------+---------+---------+-------
      Total |    2079 |     723 |  25.8 |     113 |       5 |   4.2
            +---------+---------+-------+---------+---------+-------
        D:1 |      40 |       0 |   0.0 |      24 |       0 |   0.0
        D:2 |      33 |       0 |   0.0 |      11 |       0 |   0.0
        D:3 |     146 |      35 |  19.3 |      15 |       1 |   6.2
        D:4 |     482 |     167 |  25.7 |      20 |       2 |   9.1
        D:5 |     750 |     231 |  23.5 |      17 |       1 |   5.6
        D:6 |     628 |     290 |  31.6 |      26 |       1 |   3.7
            +---------+---------+-------+---------+---------+-------
